 Dungeon Crawl Stone Soup version 0.23.2-1-ga50397a (webtiles) character file.

Game seed: 9482603709369442894

2082 Fang the Skirmisher (level 9, -1/57 HPs)
             Began as a Gargoyle Berserker on Apr 25, 2019.
             Was a Priest of Trog.
             Slain by a killer bee (5 damage)
             ... on level 8 of the Dungeon.
             The game lasted 00:05:25 (6588 turns).

Fang the Skirmisher (Gargoyle Berserker)            Turns: 6588, Time: 00:05:26

Health: -1/57      AC: 10    Str: 24    XL:     9   Next: 27%
Magic:  9/9        EV: 14    Int:  8    God:    Trog [***...]
Gold:   430        SH:  0    Dex:  9    Spells: 8/8 levels left

rFire    . . .     SeeInvis .   a - +0 war axe
rCold    + . .     Gourm    .   (no shield)
rNeg     + . .     Faith    .   b - +0 animal skin
rPois    ∞         Spirit   .   (no helmet)
rElec    +         Reflect  .   i - +0 cloak {rPois}
rCorr    .         Harm     .   (no gloves)
MR       ++...                  (no boots)
Stlth    ..........             x - amulet of the acrobat
HPRegen  1.19/turn              w - ring of protection from cold
MPRegen  0.11/turn              u - ring of attention (curse)

@: berserk cooldown, regenerating, slowed, very slow
A: negative energy resistance 1, electricity resistance, unbreathing,
petrification resistance, rot immunity, AC +6
a: Berserk, Trog's Hand, Renounce Religion


You were on level 8 of the Dungeon.
You worshipped Trog.
Trog was most pleased with you.
You were very hungry.

You visited 2 branches of the dungeon, and saw 9 of its levels.

You collected 430 gold pieces.

Inventory:

Hand Weapons
 a - a +0 war axe (weapon)
Armour
 b - a +0 animal skin (worn)
 i - a +0 cloak of poison resistance (worn)
Jewellery
 u - a cursed ring of attention (right hand)
 w - a ring of protection from cold (left hand)
 x - an amulet of the acrobat (around neck)
Scrolls
 d - 4 scrolls of enchant armour {unknown}
 e - 7 scrolls of identify {unknown}
 f - 10 scrolls of remove curse {unknown}
 g - 3 scrolls of random uselessness {unknown}
 k - 2 scrolls of fear {unknown}
 n - 4 scrolls of immolation {unknown}
 q - 3 scrolls of teleportation {unknown}
 t - a scroll of fog {unknown}
 y - a scroll of enchant weapon {unknown}
Potions
 h - 2 potions of berserk rage {unknown}
 j - 4 potions of flight {unknown}
 l - a potion of ambrosia {unknown}
 m - a potion of magic {unknown}
 o - 2 potions of heal wounds
 p - 2 potions of degeneration {unknown}
 r - 2 potions of curing
 v - 2 potions of haste {unknown}
Comestibles
 c - 13 rations
 s - a chunk of flesh


   Skills:
 + Level 7.3 Fighting
 + Level 6.1 Axes
 + Level 6.8 Armour
 + Level 5.1 Dodging


You had 8 spell levels left.
You didn't know any spells.
Your spell library was empty.

Dungeon Overview and Level Annotations

Branches:
Dungeon (8/15)             Temple (1/1) D:6
   Lair: D:8-11

Altars:
Ashenzari
Ru
Trog
Wu Jian
Xom


Innate Abilities, Weirdness & Mutations

You are resistant to torment.
Your stone body is resilient. (AC +6)
You are immune to poison.
You resist negative energy. (rN+)
You are resistant to electric shocks. (rElec)
You can survive without breathing.
You are immune to petrification.
You are immune to rotting.


Message History

You slash the killer bee! The killer bee stings you.
* * * LOW HITPOINT WARNING * * *
The killer bee misses you. The killer bee closely misses you.
The killer bee completely misses you.
The killer bee stings you but does no damage. x2
The killer bee misses you. The killer bee completely misses you.
You feel a strong urge to attack something.
You are no longer berserk.
You are exhausted.
You feel yourself slow down. The killer bee barely misses you.
Your skin crawls.
You feel resistant to hostile enchantments.
You are feeling very hungry.
You can no longer call in reinforcements.
The killer bee misses you. The killer bee completely misses you.
The killer bee closely misses you. The killer bee stings you.
* * * LOW HITPOINT WARNING * * *
The killer bee barely misses you. The killer bee stings you.
You die...

###...###.# ###
.......... ..# #
#.........##.#.#
#....####.##.#.#
#.†........<...#
#.#†.†#####.##.######
#.#..y.(.............
#.#yy######.#...####.
#.#y@# ##..###.###.
#.#..# ##...# #....#
#.#..####....# #.###.
#.#.........#...## #.
#..........(##.## ##
###<######### .# #<#
# #.# #..


You could see 4 killer bees.

Vanquished Creatures
  A cyclops (D:8)
  A hippogriff (D:7)
  A hungry ghost (D:7)
  A sky beast (D:6)
  A phantom (D:5)
  An ogre (D:4)
  3 centaurs
  A bullfrog (D:6)
  A gnoll sergeant (D:7)
  3 scorpions
  2 killer bees (D:8)
  3 crimson imps
  3 hounds
  2 bullfrog skeletons
  An orc wizard (D:4)
  Jessica (D:3)
  An iguana (D:4)
  5 gnolls
  5 adders
  A shadow imp (D:8)
  A white imp (D:7)
  An ooze (D:4)
  An adder zombie (D:6)
  4 dart slugs
  5 leopard geckos
  12 orcs
  19 bats
  8 giant cockroaches
  6 goblins
  7 hobgoblins
  11 jackals
  2 quokkas (D:6)
  3 ball pythons
  7 frilled lizards
  6 kobolds
  A leopard gecko skeleton (D:4)
  7 rats
139 creatures vanquished.

Notes
Turn   | Place    | Note
-------+----------+-------------------------------------------
     0 | D:1      | Fang the Gargoyle Berserker began the quest for the Orb.
     0 | D:1      | Reached XP level 1. HP: 14/14 MP: 1/1
   103 | D:1      | Reached XP level 2. HP: 12/19 MP: 2/2
   430 | D:1      | Reached XP level 3. HP: 18/23 MP: 3/3
   520 | D:1      | Reached ** piety under Trog
   924 | D:2      | Reached XP level 4. HP: 18/29 MP: 4/4
  1292 | D:2      | Reached skill level 4 in Fighting
  1347 | D:2      | Found a sacrificial altar of Ru.
  1715 | D:3      | Reached XP level 5. HP: 30/33 MP: 5/5
  1716 | D:3      | Noticed Jessica
  1722 | D:3      | Reached *** piety under Trog
  1737 | D:3      | Killed Jessica
  2320 | D:4      | Reached XP level 6. HP: 11/39 MP: 6/6
  3371 | D:4      | Reached skill level 5 in Fighting
  3807 | D:5      | Entered Level 5 of the Dungeon
  3960 | D:5      | Noticed a phantom
  4042 | D:5      | Paralysed by fainting for 9 turns
  4061 | D:5      | Killed a phantom
  4061 | D:5      | Reached XP level 7. HP: 12/44 MP: 7/7
  5270 | D:6      | Reached skill level 5 in Armour
  5478 | D:6      | Reached XP level 8. HP: 43/51 MP: 8/8
  5673 | D:6      | Found a staircase to the Ecumenical Temple.
  5690 | Temple   | Entered the Ecumenical Temple
  5731 | D:7      | Reached skill level 6 in Fighting
  5737 | D:7      | Reached skill level 5 in Axes
  5824 | D:7      | Noticed a hippogriff
  5836 | D:7      | Killed a hippogriff
  6462 | D:8      | Noticed a cyclops
  6470 | D:8      | Killed a cyclops
  6470 | D:8      | Reached skill level 7 in Fighting
  6470 | D:8      | Reached skill level 5 in Dodging
  6470 | D:8      | Reached XP level 9. HP: 57/57 MP: 9/9
  6583 | D:8      | Reached **** piety under Trog
  6588 | D:8      | Slain by a killer bee

Skill      XL: |  1  2  3  4  5  6  7  8  9 |
---------------+----------------------------+-----
Axes           | 3 4 5 6 |  6.1
Dodging        | 2 3 5 |  5.1
Armour         | 3 4 5 6 |  6.8
Fighting       | 4 5 7 |  7.3

Action                   |  1- 3 |  4- 6 |  7- 9 || total
-------------------------+-------+-------+-------++-------
Melee: Hand axe          |   120 |   256 |       ||   376
       War axe           |       |    40 |   182 ||   222
Invok: Berserk           |     1 |     3 |     3 ||     7
       Trog's Hand       |       |     1 |     1 ||     2
  Use: Potion            |       |     1 |       ||     1
  Eat: Chunk             |     1 |    11 |     9 ||    21
       Ration            |       |     1 |     1 ||     2
Armor: Animal skin       |    51 |   136 |   105 ||   292
Dodge: Dodged            |    95 |   248 |   171 ||   514
